 Dungeon Crawl Stone Soup version 0.20-a0-733-gf92fd71 (webtiles) character file.

135 HallandMoats the Skirmisher (level 4, 0/37 HPs)
             Began as a Demonspawn Fighter on Feb 22, 2017.
             Slain by a bat (1 damage)
             ... summoned by Eustachio
             ... on level 4 of the Dungeon.
             The game lasted 00:04:31 (2531 turns).

HallandMoats the Skirmisher (Demonspawn Fighter)    Turns: 2531, Time: 00:04:31

Health: 0/37       AC: 11    Str: 21    XL:     4   Next: 97%
Magic:  1/4        EV: 10    Int: 10    God:
Gold:   159        SH:  0    Dex: 13    Spells: 3/3 levels left

rFire    . . .     SeeInvis .   a - +0 war axe
rCold    . . .     Gourm    .   b - +0 scale mail
rNeg     . . .     Faith    .   (no shield)
rPois    .         Spirit   .   g - +0 helmet
rElec    .         Reflect  .   (no cloak)
rCorr    .         Harm     .   e - +0 pair of gloves
MR       .....                  (no boots)
Stlth    ..........             (no amulet)
Regen    0.2/turn               (no ring)
MPRegen  0.1/turn               (no ring)

@: mighty
A: iridescent scales 1
a: no special abilities


You were on level 4 of the Dungeon.
You were very hungry.

You visited 1 branch of the dungeon, and saw 4 of its levels.

You collected 159 gold pieces.

Inventory:

Hand Weapons
 a - a +0 war axe (weapon)
Armour
 b - a +0 scale mail (worn)
 c - a +0 shield
 e - a +0 pair of gloves (worn)
 g - a +0 helmet (worn)
Scrolls
 h - 2 scrolls of teleportation {unknown}
 j - a scroll of random uselessness {unknown}
 k - a scroll of blinking {unknown}
 l - 2 scrolls of recharging {unknown}
 m - 2 scrolls of amnesia {unknown}
 n - a scroll of remove curse {unknown}
 p - a scroll of identify {unknown}
 r - a scroll of immolation {unknown}
Potions
 i - a potion of cancellation {unknown}
 o - a potion of haste {unknown}
 s - a potion of berserk rage {unknown}
Comestibles
 f - 5 bread rations
 q - a royal jelly


   Skills:
 * Level 4.1 Fighting
 * Level 3.0 Axes
 + Level 3.3 Armour
 + Level 1.3 Dodging
 - Level 2.6 Shields


You had 3 spell levels left.
You didn't know any spells.

Dungeon Overview and Level Annotations

Branches:
Dungeon (4/15)
 Temple: D:4-7

Altars:
Gozag
Okawaru
Trog

Annotations:
D:4 Eustachio


Innate Abilities, Weirdness & Mutations

You are partially covered in iridescent scales. (AC +2)


Message History

You closely miss Eustachio.
Eustachio is almost dead.
You closely miss the white imp. You miss the crimson imp.
You barely miss the quasit. The quasit closely misses you. x2
The quasit barely misses you. Eustachio hits you but does no damage.
The white imp gestures at you. The puff of frost hits you!
* * * LOW HITPOINT WARNING * * *
The crimson imp closely misses you.
The quasit bites you but does no damage.
The quasit barely misses you. The quasit closely misses you.
Eustachio casts a spell.
You closely miss Eustachio.
Eustachio is almost dead.
You closely miss the quasit. You hit the crimson imp. You slash the white imp!
You slash the bat!
You kill the bat!
The bat's corpse disappears in a puff of smoke!
The bat misses you. The bat hits you.
You die...

#.....#.#.###
#...<.#.#.#
#...#...#?#
#.......#.#
#.....#.#.#
#.#.#.#.#.#
#...#.#.#.#
#.....ยง55.#####
#.....b@5.......
......b@#.######
#######.#.#
#.#.. #.#...
#.#..<. ..#....
###


You could see Eustachio, a quasit, a crimson imp, a white imp and 2 bats.

Vanquished Creatures
  A bullfrog skeleton (D:4)
  4 gnolls (D:2)
  A worm (D:2)
  2 dart slugs
  3 leopard geckos
  An orc (D:3)
  3 bats
  5 giant cockroaches
  3 goblins
  9 hobgoblins
  2 jackals (D:1)
  6 kobolds
  2 quokkas
  2 ball pythons
  2 frilled lizards
  13 rats
59 creatures vanquished.

Notes
Turn   | Place    | Note
-------+----------+-------------------------------------------
     0 | D:1      | HallandMoats the Demonspawn Fighter began the quest for the Orb.
     0 | D:1      | Reached XP level 1. HP: 18/18 MP: 1/1
   332 | D:1      | Gained mutation: You are partially covered in iridescent scales. (AC +2) [demonic ancestry]
   332 | D:1      | Reached XP level 2. HP: 24/24 MP: 2/2
  1039 | D:2      | Reached XP level 3. HP: 29/29 MP: 3/3
  1059 | D:2      | Found an opulent altar of Gozag.
  1138 | D:2      | Reached skill level 1 in Dodging
  1151 | D:2      | Found an iron altar of Okawaru.
  1414 | D:2      | Found a bloodstained altar of Trog.
  1879 | D:2      | Reached XP level 4. HP: 34/37 MP: 4/4
  1909 | D:2      | Reached skill level 4 in Fighting
  2518 | D:4      | Noticed Eustachio
  2530 | D:4      | HP: 1/37 [white imp/puff of frost[Eustachio] (6)]
  2531 | D:4      | Slain by a bat

Vault maps used:
D:1:      lemuel_arrival_lava_pool
D:2:      lemuel_round_altar, bloody_trog, grunt_gozag_statues, first_bread
D:3:      wad_pebble_path
D:4:      serial_shops, shop, serial_park_tiny_2, uniq_robin, uniq_eustachio,
          uniq_natasha

Skill      XL: |  1  2  3  4 |
---------------+-------------+-----
Axes           | 2 3 |  3.0
Dodging        | 1 |  1.3
Armour         | 3 |  3.3
Fighting       | 4 |  4.1
Shields        | |  2.6

Action                   |  1- 3 |  4- 6 || total
-------------------------+-------+-------++-------
Melee: War axe           |   154 |    35 ||   189
  Use: Potion            |       |     1 ||     1
  Eat: Chunk             |     3 |     1 ||     4
Armor: Scale mail        |   115 |    25 ||   140
Dodge: Dodged            |    98 |    35 ||   133
